 Dungeon Crawl Stone Soup version 0.31-a0-851-g7ff8af7976 (webtiles) character file.

Game seed: 16825902217193022818

7684 olmar the Basher (level 11, -2/60 HPs)
             Began as a Vine Stalker Fighter on Oct 8, 2023.
             Slain by a cane toad (9 damage)
             ... on level 1 of the Lair of Beasts.
             The game lasted 00:14:16 (8433 turns).

olmar the Basher (Vine Stalker Fighter)             Turns: 8433, Time: 00:14:17

Health: -2/60      AC: 16    Str: 23    XL:     11   Next: 19%
Magic:  0/12       EV:  8    Int:  8    God:
Gold:   460        SH:  0    Dex: 14    Spells: 10/10 levels left

rFire   + . .        a - +7 dire flail
rCold   . . .        (shield currently unavailable)
rNeg    . . .        L - +2 chain mail {rF+}
rPois   +            (no helmet)
rElec   .            r - +0 cloak
rCorr   .            w - +0 pair of gloves
SInv    .            G - +0 pair of boots
Will    .....        s - amulet of regeneration Stlth
                     q - ring of poison resistance
HPRegen 1.90/turn    (no ring)
MPRegen 0.13/turn

%: guardian spirit
@: silenced (expiring), weak-willed
A: fangs 3, regeneration 1, magic shield, antimagic bite, no potion heal 2
a: no special abilities


You were on level 1 of the Lair of Beasts.
You visited 3 branches of the dungeon, and saw 12 of its levels.

You collected 460 gold pieces.

Inventory:

Hand Weapons
 a - a +7 dire flail (weapon)
 y - the +3 war axe of the Solstice {protect, Dex+3}
   (You found it on level 5 of the Dungeon)

   Dex+3:     It affects your dexterity (+3).
 I - a +3 morningstar
Missiles
 b - 4 darts of dispersal
 B - 2 boomerangs
 E - 6 curare-tipped darts
 N - 2 poisoned darts
Armour
 c - a +0 buckler
 r - a +0 cloak (worn)
 v - a +0 plate armour
 w - a +0 pair of gloves (worn)
 C - a +1 ring mail of positive energy
 G - a +0 pair of boots (worn)
 L - a +2 chain mail of fire resistance (worn)
Jewellery
 n - an amulet of magic regeneration
 q - a ring of poison resistance (left hand)
 s - an amulet of regeneration (around neck)
Wands
 u - a wand of flame (25) (quivered)
Scrolls
 d - a scroll of torment
 f - a scroll of teleportation
 h - a scroll of blinking
 i - 4 scrolls of fog
 t - a scroll of enchant weapon
 F - a scroll of enchant armour {unknown}
Potions
 e - 5 potions of brilliance
 g - 7 potions of curing
 l - a potion of invisibility
 o - a potion of cancellation {unknown}
 x - a potion of haste
 A - 2 potions of lignification {unknown}
 D - a potion of degeneration {unknown}
 H - a potion of mutation {unknown}
 J - a potion of heal wounds {unknown}
 K - a potion of berserk rage {unknown}
 M - a potion of might


   Skills:
 + Level 8.2 Fighting
 + Level 11.1 Maces & Flails
 + Level 7.5 Armour
 - Level 0.9 Stealth
 - Level 2.9 Shields
 + Level 1.4 Evocations


You had 10 spell levels left.
You didn't know any spells.
Your spell library contained the following spells:

 Spells                   Type           Power      Damage    Failure   Level
 Necrotise                Necr           0%         1d4       91%         1
 Sting                    Tmut/Pois      0%         1d3       91%         1
 Poisonous Vapours        Pois/Air       0%         N/A       97%         2
 Inner Flame              Hex/Fire       0%         N/A       100%        3
 Vampiric Draining        Necr           0%         2d6       100%        3
 Flame Wave               Conj/Fire      0%         2d4       100%        4
 Olgreb's Toxic Radiance  Pois           0%         N/A       100%        4
 Sticky Flame             Conj/Fire      0%         2d3       100%        4
 Agony                    Necr           0%         N/A       100%        5
 Alistair's Intoxication  Tmut/Pois      0%         N/A       100%        5
 Borgnjor's Vile Clutch   Necr/Erth      0%         N/A       100%        5
 Eringya's Noxious Bog    Tmut/Pois      0%         4d6       100%        6


Dungeon Overview and Level Annotations

Branches:
Dungeon (10/15)            Temple (1/1) D:5            Lair (1/5) D:8
    Orc: D:9-12

Altars:
Ashenzari
Cheibriados
Dithmenos
Elyvilon
Fedhas
Hepliaklqana
Kikubaaqudgha
Makhleb
Nemelex Xobeh
Okawaru
Qazlal
Ru
Sif Muna
Trog
Uskayaw
Vehumet
Wu Jian
Xom
Yredelemnul
Zin
The Shining One

Shops:
D:6 :


Innate Abilities, Weirdness & Mutations

You have razor-sharp teeth.
Your natural rate of healing is unusually fast.
When hurt, damage is shared between your health and your magic reserves.
Your bite disrupts and absorbs the magic of your enemies.
Potions cannot restore your health.


Message History

The cane toad stings you!
The cane toad stings you but does no damage.
You bludgeon the cane toad!!
The cane toad is severely wounded.
The cane toad stings you!
Unknown command.
You completely miss the cane toad.
The cane toad is severely wounded.
The cane toad stings you. The cane toad stings you!
Unknown command.
You are too injured to fight recklessly!
Unknown command.
You are too injured to fight recklessly!
Unknown command.
Unknown command.
You closely miss the cane toad. Your bite misses the cane toad.
The cane toad is severely wounded.
The cane toad stings you. The cane toad stings you!
Unknown command.
You puncture the cane toad!
You kill the cane toad!
Unknown command.
You hit the cane toad but do no damage.
The cane toad stings you but does no damage.
Unknown command.
You barely miss the cane toad. Your bite misses the cane toad.
The cane toad stings you!
* * * LOW HITPOINT WARNING * * *
Unknown command.
Aiming: Iceblast
Press: ? - help, Shift-Dir - straight line The mass of ice explodes!
The iceblast engulfs the fungus!
The fungus begins to die.
The fungus is lightly damaged.
The iceblast engulfs the cane toad!
The cane toad is moderately wounded.
The now-empty wand crumbles to dust.
The cane toad stings you!
* * * LOW HITPOINT WARNING * * *
The cane toad stings you!
You die...

# #######
##P######P.##.#########
.......................
.........F.............
........@†......###.#.
...###.#######..# ##
#..# #..# #..# #..#
#..## . ##
###...####...
##.##P#.†........


You could see a cane toad.

Vanquished Creatures
  A gargoyle (D:9)
  A cane toad (Lair:1)
  Psyche (D:8)
  2 kobold demonologists (D:9)
  18 yaks
  A wyvern (D:8)
  A steam dragon (D:8)
  5 water moccasins
  5 orc warriors
  A black bear (D:4)
  6 wolves
  2 ogres (D:7)
  5 kobold brigands
  A gnoll sergeant (D:5)
  A bullfrog (Lair:1)
  A scorpion (D:3)
  9 wights (D:7)
  A howler monkey (D:5)
  2 hounds
  A jelly (D:5)
  3 orc priests
  4 iguanas
  Jessica (D:2)
  8 orc wizards
  3 gnolls (D:5)
  5 adders
  A shadow imp (D:8)
  An ufetubus (D:5)
  2 worms (D:4)
  2 dart slugs
  44 orcs
  12 endoplasms
  3 giant cockroaches
  7 goblins
  7 hobgoblins
  4 jackals (D:4)
  6 quokkas
  11 ball pythons
  3 bats
  12 frilled lizards
  22 kobolds
  9 rats
235 creatures vanquished.

Notes
Turn   | Place    | Note
-------+----------+-------------------------------------------
     0 | D:1      | olmar the Vine Stalker Fighter began the quest for the Orb.
     0 | D:1      | Reached XP level 1. HP: 11/11 MP: 2/2
   154 | D:1      | Reached XP level 2. HP: 16/16 MP: 3/3
   295 | D:1      | Reached skill level 2 in Maces & Flails
   349 | D:1      | Reached XP level 3. HP: 19/19 MP: 4/4
  1197 | D:2      | Noticed Jessica
  1214 | D:2      | Killed Jessica
  1215 | D:2      | Reached skill level 3 in Maces & Flails
  1215 | D:2      | Reached XP level 4. HP: 24/24 MP: 5/5
  2352 | D:3      | Reached XP level 5. HP: 28/28 MP: 6/6
  2411 | D:3      | HP: 1/28 [frozen (3)]
  2600 | D:4      | Reached skill level 4 in Maces & Flails
  2600 | D:4      | Reached XP level 6. HP: 31/32 MP: 7/7
  2947 | D:4      | Noticed a black bear
  2974 | D:4      | Killed a black bear
  3188 | D:5      | Entered Level 5 of the Dungeon
  3418 | D:5      | Identified the +3 war axe of the Solstice {protect, Dex+3}
  3517 | D:5      | Found a staircase to the Ecumenical Temple.
  3524 | Temple   | Entered the Ecumenical Temple
  3542 | D:5      | Reached XP level 7. HP: 35/37 MP: 6/8
  3916 | D:5      | Reached skill level 5 in Maces & Flails
  4468 | D:6      | Gained mutation: You have razor-sharp teeth. [Vine Stalker
                  | growth]
  4468 | D:6      | Reached XP level 8. HP: 42/42 MP: 9/9
  4499 | D:6      | Reached skill level 6 in Maces & Flails
  4742 | D:6      | Found Wazaocsu's Book Shoppe.
  5104 | D:7      | Reached skill level 5 in Fighting
  5302 | D:7      | Reached skill level 7 in Maces & Flails
  6081 | D:7      | Reached XP level 9. HP: 47/47 MP: 10/10
  6088 | D:7      | Reached skill level 5 in Armour
  6588 | D:7      | Reached skill level 8 in Maces & Flails
  6788 | D:8      | Noticed Psyche
  6814 | D:8      | Killed Psyche
  6971 | D:8      | Found a staircase to the Lair.
  7062 | D:8      | Reached skill level 1 in Evocations
  7064 | D:8      | Reached skill level 9 in Maces & Flails
  7069 | D:8      | Reached XP level 10. HP: 46/53 MP: 6/11
  7513 | D:9      | Found a hazy altar of Hepliaklqana.
  7567 | D:9      | Reached skill level 10 in Maces & Flails
  7771 | D:10     | Entered Level 10 of the Dungeon
  7778 | D:10     | Noticed an orc knight
  7835 | D:10     | Noticed a gargoyle
  7842 | D:9      | Killed a gargoyle
  8013 | D:10     | Noticed a kobold demonologist
  8013 | D:10     | Noticed a kobold demonologist
  8018 | D:9      | Noticed a rust devil
  8021 | D:9      | Killed a kobold demonologist
  8032 | D:9      | Noticed a rust devil
  8038 | D:9      | Killed a kobold demonologist
  8165 | D:9      | Reached XP level 11. HP: 56/60 MP: 12/12
  8354 | Lair:1   | Entered Level 1 of the Lair of Beasts
  8371 | D:8      | Reached skill level 11 in Maces & Flails
  8433 | Lair:1   | Slain by a cane toad

Illustrated notes

Levels and vault maps discovered:
D:1:      dpeg_arrival_refuge, layout_loops_ring, chequers_serial_rivers_room_a,
          dk_noncrumbling_2, minmay_lizard_king
D:2:      layout_basic, serial_rivers, chequers_serial_rivers_micro_b,
          chequers_serial_rivers_small_a, chequers_serial_rivers_room_a,
          chequers_serial_rivers_micro_d, chequers_serial_rivers_micro_a,
          minmay_misc_feat_more_columns, uniq_jessica
D:3:      layout_basic
D:4:      layout_rooms, grunt_ministairs_15, minmay_misc_feat_columns
D:5:      layout_basic, minmay_temple_entry_purple_smoke
D:6:      cheibrodos_thug_alley, layout_cave_pools, serial_shops, shop,
          nicolae_concentric_dashed_squares_mild
D:7:      layout_gridville
D:8:      layout_loops_ring, lair_entry_dummy, uniq_psyche
D:9:      layout_basic, nicolae_gozag_cash_rules_everything_around_me,
          mainiacjoe_overflow_catwalk, gammafunk_ghost_grave, serial_shops, shop
D:10:     layout_rooms, david_orc_5
Temple:   mainiacjoe_temple_big_plus
Lair:1:   layout_chaotic_city, gauntlet_entry_generic, st_stairs_10

Skill      XL: |  1  2  3  4  5  6  7  8  9 10 11 |
---------------+----------------------------------+-----
Maces & Flails | 2 3 4 5 7 9 10 11 | 11.1
Fighting       | 3 4 5 6 7 8 |  8.2
Armour         | 3 4 5 7 |  7.5
Evocations     | 1 |  1.4
Stealth        | |  0.9
Shields        | |  2.9

Action                     |  1- 3 |  4- 6 |  7- 9 | 10-12 || total
---------------------------+-------+-------+-------+-------++-------
  Melee: Flail             |    91 |   153 |   181 |       ||   425
         Bite              |    19 |    41 |    74 |    57 ||   191
         Dire flail        |       |       |    87 |   165 ||   252
         Morningstar       |       |       |     2 |       ||     2
  Throw: Dart              |       |       |     3 |     2 ||     5
         Boomerang         |       |       |     6 |       ||     6
  Evoke: Wand              |       |       |     6 |     5 ||    11
    Use: Scroll            |     2 |     2 |     3 |     8 ||    15
         Potion            |     2 |     1 |       |     1 ||     4
 Armour: Scale mail        |    54 |       |       |       ||    54
         Chain mail        |    10 |    73 |       |   235 ||   318
         Plate armour      |       |    50 |    17 |       ||    67
         Ring mail         |       |       |   177 |     2 ||   179
  Dodge: Dodged            |    26 |    47 |   103 |    83 ||   259
  Block: Buckler           |    20 |    50 |    55 |       ||   125

Table legend: (Time is in decaauts)
 A = Elapsed time spent in this place.
 B = Non-inter-level travel time spent in this place.
 C = Inter-level travel time spent in this place.
 D = Time resting spent in this place.
 E = Time spent auto-exploring this place.
 F = Levels seen in this place.
 G = Mean time per level.
                   A        B        C        D        E       F      G
               +--------+--------+--------+--------+--------+-----+--------+
         Total |   8484 |   7962 |    522 |   1044 |   5113 |  12 |  707.0 |
       Dungeon |   8422 |   7900 |    522 |   1044 |   5113 |  10 |  842.2 |
        Temple |     13 |     13 |      0 |      0 |      0 |   1 |   13.0 |
          Lair |     48 |     48 |      0 |      0 |      0 |   1 |   48.0 |
               +--------+--------+--------+--------+--------+-----+--------+

Top non-repeatable levels by time:
     D:7: 1576 daAuts
     D:5: 1136 daAuts
     D:1: 944 daAuts
     D:8: 927 daAuts
     D:2: 783 daAuts
     D:6: 779 daAuts
     D:3: 766 daAuts
     D:4: 759 daAuts
     D:9: 595 daAuts
    D:10: 151 daAuts
  Lair:1: 48 daAuts
  Temple: 13 daAuts
